 Dungeon Crawl Stone Soup version 0.21.1-1-g345015fe64 (webtiles) character file.

173 Knicklaso the Chopper (level 5, -2/50 HPs)
             Began as a Hill Orc Monk on Apr 21, 2018.
             Slain by Sergeek's ghost (12 damage)
             ... on level 3 of the Dungeon.
             The game lasted 00:07:00 (2605 turns).

Knicklaso the Chopper (Hill Orc Monk)               Turns: 2605, Time: 00:07:00

Health: -2/50      AC:  8    Str: 15    XL:     5   Next: 53%
Magic:  5/5        EV:  7    Int: 10    God:
Gold:   156        SH:  0    Dex: 13    Spells: 4/4 levels left

rFire    + . .     SeeInvis .   a - +0 hand axe
rCold    . . .     Gourm    .   (no shield)
rNeg     . . .     Faith    .   t - +0 chain mail
rPois    .         Spirit   .   (no helmet)
rElec    .         Reflect  .   (no cloak)
rCorr    +         Harm     .   (no gloves)
MR       .....                  (no boots)
Stlth    ..........             (no amulet)
HPRegen  0.16/turn              l - ring of resist corrosion
MPRegen  0.09/turn              f - ring of protection from fire

@: no status effects
A: no striking features
a: no special abilities


You were on level 3 of the Dungeon.
You were hungry.

You visited 1 branch of the dungeon, and saw 3 of its levels.

You collected 156 gold pieces.

Inventory:

Hand Weapons
 a - a +0 hand axe (weapon)
Missiles
 r - 6 tomahawks (quivered)
Armour
 t - a +0 chain mail (worn)
Jewellery
 e - an uncursed ring of ice
 f - a ring of protection from fire (right hand)
 l - a ring of resist corrosion (left hand)
Wands
 b - a wand of enslavement (7)
Scrolls
 g - 3 scrolls of remove curse {unknown}
 h - a scroll of fear {unknown}
 j - 2 scrolls of magic mapping {unknown}
 o - a scroll of enchant weapon {unknown}
 p - 3 scrolls of teleportation {unknown}
 q - a scroll of fog {unknown}
 s - a scroll of identify {unknown}
Potions
 d - 2 potions of cancellation {unknown}
 i - a potion of curing
 k - a potion of berserk rage {unknown}
 m - 2 potions of brilliance
 n - a potion of flight {unknown}
 u - a potion of agility {unknown}
Comestibles
 c - 7 rations
 v - 4 chunks of flesh


   Skills:
 + Level 5.7 Fighting
 + Level 6.3 Axes
 - Level 2.4 Dodging
 - Level 1.5 Stealth


You had 4 spell levels left.
You didn't know any spells.

Dungeon Overview and Level Annotations

Branches:
Dungeon (3/15)

Altars:
Hepliaklqana
Trog

Annotations:
D:3 Sergeek's ghost, amateur HOFi; Sigmund


Message History

Your leopard gecko closely misses something.
A bat comes into view.
The bat hits you but does no damage. x2
The bat hits you but does no damage.
You hit the bat.
You kill the bat!
You hit Sergeek's ghost but do no damage.
Sergeek's ghost hits you. Sergeek's ghost hits you.
Things that are here:
a flail; a trident You hit Sergeek's ghost but do no damage.
Sergeek's ghost hits you!
* * * LOW HITPOINT WARNING * * *
Something hits you but does no damage.
Items here: )) [ ÷ a falchion; a mace; a ring mail; an adder skeleton Sergeek's ghost shrieks, "They lied to you.
The Dungeon just goes down and down forever."
Sergeek's ghost hits you!
You die...

#.##.........†.###
#.##..###.##)#.# #.# #.##..#
#.##)#.# #.# #.##..# #.##.#.##
#.## ......# #.##.l..# #..
.....)###.##..#.# #.#
..........##....######.########
..#######.##...W....#..........
................@......[#
.#######...###.####.#...# .#
##.#.#.##.# #.##### .#
#.#.......# #.#
.######.#.#.#### #.#
...........## #.# #######.#.##
#.# ........### #.# #########
#.#


You could see Sergeek's ghost and a leopard gecko.

Vanquished Creatures
  Ijyb (D:3)
  Terence (D:2)
  6 adders
  2 oozes
  A dart slug (D:2)
  A leopard gecko (D:1)
  4 orcs (D:3)
  2 ball pythons (D:2)
  6 bats
  2 giant cockroaches
  A goblin (D:2)
  5 hobgoblins
  10 jackals
  2 quokkas
  4 frilled lizards
  2 kobolds (D:2)
  4 rats
54 creatures vanquished.

Notes
Turn   | Place    | Note
-------+----------+-------------------------------------------
     0 | D:1      | Knicklaso the Hill Orc Monk began the quest for the Orb.
     0 | D:1      | Reached XP level 1. HP: 19/19 MP: 1/1
   117 | D:1      | Reached XP level 2. HP: 26/27 MP: 2/2
   513 | D:1      | Reached XP level 3. HP: 32/34 MP: 3/3
   842 | D:2      | Reached skill level 5 in Axes
  1397 | D:2      | Reached XP level 4. HP: 32/41 MP: 4/4
  1551 | D:2      | Noticed Terence
  1585 | D:2      | Killed Terence
  1585 | D:2      | Reached skill level 5 in Fighting
  2079 | D:2      | Found a bloodstained altar of Trog.
  2102 | D:2      | Found a hazy altar of Hepliaklqana.
  2348 | D:3      | Noticed Ijyb
  2378 | D:3      | Killed Ijyb
  2378 | D:3      | Reached skill level 6 in Axes
  2378 | D:3      | Reached XP level 5. HP: 47/48 MP: 5/5
  2553 | D:3      | Noticed Sigmund
  2562 | D:3      | Noticed Sergeek's ghost (amateur HOFi)
  2605 | D:3      | Slain by Sergeek's ghost

Skill      XL: |  1  2  3  4 |
---------------+-------------+-----
Fighting       | 4 5 |  5.7
Axes           | 5 6 |  6.3
Dodging        | |  2.4
Stealth        | |  1.5

Action                   |  1- 3 |  4- 6 || total
-------------------------+-------+-------++-------
Melee: Hand axe          |   107 |   132 ||   239
Throw: Tomahawk          |       |     1 ||     1
Evoke: Wand              |       |     1 ||     1
  Use: Potion            |     2 |       ||     2
 Stab: Sleeping          |     1 |       ||     1
  Eat: Chunk             |     2 |     3 ||     5
Armor: Robe              |     5 |       ||     5
       Leather armour    |    17 |       ||    17
       Ring mail         |     3 |    26 ||    29
       Chain mail        |       |    20 ||    20
Dodge: Dodged            |    92 |    65 ||   157
